 Dungeon Crawl Stone Soup version 0.13-a0-2590-g8c14591 (webtiles) character file.

217 JulietteNo the Magician (level 4, 0/21 HPs)
             Began as a Spriggan Enchanter on Aug 2, 2013.
             Succumbed to a kobold's poison
             ... on Level 3 of the Dungeon.
             The game lasted 00:13:10 (4931 turns).

JulietteNo the Magician (Spriggan Enchanter)        Turns: 4931, Time: 00:13:11

HP   0/21        AC  3     Str  5      XL: 4   Next: 83%
MP  15/15        EV 18     Int 16      God:
Gold 91          SH  0     Dex 16      Spells:  2 memorised, 10 levels left

Res.Fire  : . . .   See Invis. : +   m - +0 short sword
Res.Cold  : . . .   Warding    : .   b - +1 robe
Life Prot.: . . .   Conserve   : .   (shield restricted)
Res.Poison: .       Res.Corr.  : .   (helmet restricted)
Res.Elec. : .       Clarity    : .   (no cloak)
Sust.Abil.: . .     Spirit.Shd : .   (gloves unavailable)
Res.Mut.  : .       Stasis     : .   (boots unavailable)
Res.Rott. : .       Flight     : .   (no amulet)
Saprovore : . . .                    (no ring)
                                     (no ring)

@: mildly poisoned, very quick, slightly resistant to hostile enchantments,
quite stealthy
A: unfitting armour, see invisible, herbivore 3, speed 3, slow metabolism 2
a: no special abilities


You were on level 3 of the Dungeon.
You were not hungry.

You visited 1 branch of the dungeon, and saw 3 of its levels.

You collected 71 gold pieces.

Inventory:

Hand weapons
 a - a +1,+1 dagger {=f}
 m - a +0,+0 short sword (weapon)
Missiles
 d - 13 darts (quivered)
 f - 32 stones
 k - 15 darts of frost
Armour
 b - a +1 robe (worn)
Magical devices
 u - a wand of random effects (11) {unknown}
Comestibles
 t - a choko
Scrolls
 h - 3 scrolls of identify {unknown}
 i - 2 scrolls of curse jewellery {unknown}
 j - a scroll of fear {unknown}
 o - a scroll of enchant armour {unknown}
 p - 3 scrolls of recharging {unknown}
 q - a scroll of teleportation {unknown}
 s - a scroll of random uselessness {unknown}
Potions
 e - a potion of porridge
 g - 2 potions of might
 l - 2 potions of heal wounds
 n - a potion of magic {unknown}
 r - a potion of invisibility {unknown}
Books
 c - a book of Maledictions

   Spells                             Type                      Level
   *Corona                            Hexes                        1
   Sure Blade                         Hexes/Charms                 2
   *Ensorcelled Hibernation           Hexes/Ice                    2
   Confuse                            Hexes                        3
   Enslavement                        Hexes                        4
   Invisibility                       Hexes                        6


   Skills:
 - Level 1.1 Short Blades
 - Level 1.1 Throwing
 - Level 3.0 Dodging
 - Level 4.1 Stealth
 * Level 5.0 Spellcasting
 - Level 4.0 Hexes


You had 10 spell levels left.
You knew the following spells:

 Your Spells              Type           Power        Failure   Level  Hunger
a - Corona                Hex            ###....      3%          1    None
b - Ensorcelled Hibernat  Hex/Ice        ##....       12%         2    #......


Dungeon Overview and Level Annotations

Branches:
Dungeon (3/27)

Altars:


Innate Abilities, Weirdness & Mutations

You are tiny and cannot use many weapons and most armour.
You have supernaturally acute eyesight.
You are a herbivore.
You cover ground extremely quickly.
You need consume almost no food.


Message History

You feel sick.
You start resting.
* * * LOW HITPOINT WARNING * * *
You feel sick.
You start resting.
Magic restored.
You start resting.
* * * LOW HITPOINT WARNING * * *
You feel sick.
You start resting.
* * * LOW HITPOINT WARNING * * *
You feel sick.
You start resting.
* * * LOW HITPOINT WARNING * * *
You feel sick.
You start resting.
* * * LOW HITPOINT WARNING * * *
You feel sick.
You start resting.
You die...

#. . ###.##### ######.≈
.........# #.......⌠
..........# #.......≈
#..........#####........
#...........(..'........
..........(#####........
#.....%...# #%.......
#....)@(..# #....>...
#.........# #........
#.........# #####.###
######.#### #..# ..#
##.# #### ######'##
#........ #........
#........


There were no monsters in sight!

Vanquished Creatures
  5 adders (D:2)
  An inept feature mimic (D:3)
  A worm (D:2)
  5 giant geckos
  An ooze (D:1)
  4 bats
  2 giant cockroaches (D:2)
  9 goblins
  8 hobgoblins
  12 kobolds
  A giant newt (D:1)
  13 rats
62 creatures vanquished.

Notes
Turn   | Place    | Note
--------------------------------------------------------------
     0 | D:1      | JulietteNo, the Spriggan Enchanter, began the quest for the Orb.
     0 | D:1      | Reached XP level 1. HP: 9/9 MP: 4/4
   358 | D:1      | Reached skill level 4 in Hexes
   997 | D:1      | Reached XP level 2. HP: 13/13 MP: 7/7
  1980 | D:1      | Reached XP level 3. HP: 14/16 MP: 10/10
  2948 | D:2      | Learned a level 2 spell: Ensorcelled Hibernation
  3148 | D:2      | Reached XP level 4. HP: 13/21 MP: 14/14
  3633 | D:2      | HP: 1/21 [poisoned by an adder]
  4894 | D:3      | Reached skill level 5 in Spellcasting
  4930 | D:3      | HP: 1/21 [poisoned by a kobold]
  4931 | D:3      | Succumbed to a kobold's poison

Action                   |  1- 3 |  4- 6 || total
-------------------------+-------+-------++-------
Melee: Dagger            |    71 |       ||    71
       Short sword       |   143 |   104 ||   247
 Cast: Corona            |       |     7 ||     7
  Use: Potion            |     2 |       ||     2
 Stab: Sleeping          |     6 |     3 ||     9
